Map: Buried Caverns

Players

WarpigxxxL - Winner!

  • Race: Zerg Zerg
  • Spawn Location: 9:00

dwduck - Winner!

  • Race: Protoss Protoss
  • Spawn Location: 7:00

xBenx - Winner!

  • Race: Zerg Zerg
  • League: Gold
  • Spawn Location: 9:00

SenorHomie

  • Race: Terran Terran
  • Spawn Location: 3:00

PABLO

  • Race: Terran Terran
  • Spawn Location: 5:00

Foalfa

  • Race: Terran Terran
  • League: Silver
  • Spawn Location: 3:00

VOD

Have the link to the VOD?

Description

Foalfa, PABLO, SenorHomie, vs xBenx, dwduck, WarpigxxxL

Time

  • Played on: April 4, 2024, 3:01 p.m.
  • Length: 12:24
Show
View Real Time Build Order
Export as new Build Order

WarpigxxxL Zerg - Winner!

Build Orders: Hatch First 

Get SALT Encoding   

  12  0:08  Drone  
  12  0:09  Drone  
  14  0:20  Overlord  
  14  0:39  Drone x2  
  16  0:44  Drone  
  17  1:12  Drone x2, Hatchery  
  17  1:13  Drone  
  19  1:26  Drone, Spawning Pool  
  19  1:34  Drone  
  20  1:46  Extractor  
  19  1:48  Extractor  
  19  1:50  Drone  
  19  1:57  Evolution Chamber  
  18  2:01  Drone  
  19  2:11  Overlord  
  19  2:18  Drone  
  21  2:30  Drone  
  21  2:32  Lair  
  21  2:39  Drone x2  
  23  2:44  Drone  
  24  2:52  Baneling Nest  
  24  2:54  Drone x2  
  25  3:00  Drone  
  25  3:01  Drone  
  25  3:04  Queen  
  29  3:30  Hatchery  
  28  3:35  Zerg Melee Weapons Level 1  
  28  3:37  Centrifugal Hooks  
  28  3:42  Drone x4  
  28  3:43  Drone, Hydralisk Den  
  32  3:54  Metabolic Boost  
  32  3:56  Drone x2  
  32  3:57  Drone  
  35  4:04  Drone  
  35  4:07  Overlord  
  36  4:13  Extractor  
  36  4:16  Extractor  
  34  4:18  Spore Crawler  
  33  4:25  Drone x2  
  35  4:33  Drone x2, Lurker Den  
  36  4:43  Drone x3  
  39  4:48  Hydralisk x2  
  39  4:52  Grooved Spines  
  43  4:56  Drone x3  
  43  4:57  Drone  
  47  5:13  Hydralisk  
  49  5:14  Hydralisk, Extractor  
  49  5:15  Overlord x2  
  49  5:18  Extractor  
  49  5:30  Drone  
  49  5:32  Overlord  
  49  5:33  Overlord x2  
  50  5:36  Overseer  
  50  5:37  Hydralisk x2  
  50  5:42  Lurker x2  
  56  5:50  Hydralisk x2  
  56  5:54  Drone  
  56  5:55  Drone  
  62  6:11  Hydralisk x2  
  62  6:12  Hydralisk x2  
  62  6:14  Zergling x2  
  71  6:19  Hydralisk  
  71  6:24  Drone  
  71  6:25  Drone x3  
  77  6:32  Drone  
  78  6:39  Zerg Melee Weapons Level 2  
  78  6:41  Nydus Network  
  77  7:47  Nydus Canal  
  77  8:11  Nydus Canal  
  77  9:30  Nydus Canal  
  69  10:18  Nydus Canal  
  64  11:08  Lurker  
  65  11:11  Hydralisk  
  65  11:12  Hydralisk x2  
  71  11:21  Spore Crawler, Spine Crawler  
Show
View Real Time Build Order
Export as new Build Order

dwduck Protoss - Winner!

Build Orders: Carriers 

Get SALT Encoding   

  12  0:02  Probe  
  13  0:19  Pylon  
  13  0:39  Assimilator  
  13  0:40  Probe  
  14  0:45  Assimilator  
  14  0:52  Probe  
  14  0:56  Gateway  
  15  1:04  Probe  
  16  1:15  Forge  
  16  1:16  Probe  
  17  1:57  Pylon  
  17  2:00  Pylon, Probe  
  18  2:09  Zealot  
  18  2:12  Probe  
  21  2:24  Probe  
  21  2:27  Pylon  
  22  2:30  Pylon  
  22  2:37  Zealot  
  24  2:38  Pylon  
  24  2:42  Pylon  
  24  2:59  Nexus  
  24  3:04  Assimilator  
  24  3:08  Assimilator  
  24  3:13  Zealot  
  26  3:31  Probe  
  27  3:43  Probe  
  28  3:53  Pylon  
  28  3:56  Probe  
  29  4:08  Probe  
  30  4:11  Probe  
  30  4:13  Pylon  
  31  4:20  Probe  
  31  4:23  Probe  
  33  4:32  Cybernetics Core, Probe  
  33  4:35  Probe  
  35  4:44  Probe  
  36  4:47  Probe  
  36  4:51  Photon Cannon  
  37  4:53  Photon Cannon  
  37  4:59  Probe  
  38  5:00  Photon Cannon  
  38  5:17  Pylon  
  38  5:19  Pylon  
  38  5:21  Stargate  
  38  5:25  Stargate  
  38  5:31  Stargate  
  38  5:33  Probe  
  39  5:42  Probe  
  40  5:45  Probe  
  41  5:54  Probe  
  42  5:57  Probe  
  43  6:11  Nexus  
  43  6:24  Probe  
  44  6:34  Assimilator  
  44  6:36  Probe  
  44  6:38  Assimilator  
  49  6:48  Probe  
  49  6:50  Void Ray (Chrono Boost)  
  49  6:52  Void Ray x2 (Chrono Boost)  
  70  7:25  Void Ray  
  70  7:26  Void Ray  
  70  7:27  Void Ray, Protoss Shields Level 1  
  70  7:38  Probe  
  71  7:45  Protoss Air Armor Level 1  
  71  7:50  Probe  
  72  7:57  Shield Battery  
  72  8:00  Shield Battery  
  72  8:02  Probe  
  85  8:09  Void Ray x2  
  85  8:10  Void Ray  
  85  8:15  Probe  
  86  8:27  Probe  
  87  8:30  Fleet Beacon  
  87  8:42  Fleet Beacon  
  99  8:52  Void Ray x2  
  99  8:53  Void Ray  
  99  9:04  Probe  
  99  9:05  Photon Cannon  
  99  9:07  Photon Cannon  
  99  9:09  Photon Cannon  
  100  9:12  Photon Cannon  
  100  9:14  Photon Cannon  
  100  9:15  Photon Cannon  
  100  9:16  Probe  
  101  9:26  Carrier (Chrono Boost)  
  101  9:27  Carrier x2 (Chrono Boost)  
  101  9:28  Probe  
  120  9:40  Probe  
  121  9:52  Probe  
  121  9:54  Protoss Air Weapons Level 1  
  122  10:23  Carrier  
  122  10:24  Carrier  
  128  10:33  Carrier  
  130  10:42  Pylon x2  
  130  10:44  Pylon  
Show
View Real Time Build Order
Export as new Build Order

xBenx Zerg - Winner!

Build Orders: Hatch First 

Get SALT Encoding   

  12  0:02  Drone  
  13  0:13  Overlord  
  13  0:25  Drone  
  14  0:29  Extractor, Drone  
  14  0:33  Drone  
  16  0:36  Drone  
  17  0:59  Drone  
  17  1:02  Hatchery  
  17  1:14  Drone x2  
  17  1:18  Extractor  
  18  1:33  Drone  
  18  1:36  Extractor, Drone  
  18  1:37  Spawning Pool  
  19  2:00  Drone  
  20  2:05  Drone x2  
  22  2:10  Extractor  
  22  2:11  Extractor  
  22  2:12  Overlord  
  20  2:29  Drone, Queen  
  21  2:30  Drone, Queen  
  21  2:31  Drone  
  21  2:35  Drone  
  28  2:42  Baneling Nest  
  27  2:45  Drone x2  
  29  2:52  Zergling x2  
  30  2:59  Drone  
  31  3:06  Lair  
  31  3:09  Drone  
  31  3:10  Drone  
  33  3:18  Drone x2  
  33  3:19  Drone  
  36  3:30  Evolution Chamber  
  36  3:32  Zergling x2  
  36  3:35  Overlord  
  36  3:46  Spore Crawler  
  35  3:50  Spore Crawler  
  33  4:07  Zerg Ground Armor Level 1  
  33  4:09  Centrifugal Hooks  
  33  4:10  Drone  
  33  4:11  Drone x5  
  39  4:22  Burrow  
  39  4:25  Nydus Network  
  39  4:29  Baneling x2  
  39  4:30  Zergling x8  
  42  4:56  Baneling x5  
  42  4:57  Baneling  
  42  5:06  Drone  
  43  5:11  Extractor x2, Drone  
  43  5:12  Overlord x4  
  42  5:14  Overlord  
  42  5:26  Spine Crawler  
  42  5:27  Spore Crawler  
  40  5:32  Baneling  
  40  5:33  Zergling x8  
  40  5:34  Zergling x8  
  48  5:41  Infestation Pit  
  47  5:49  Spine Crawler  
  46  5:51  Drone x3, Spore Crawler  
  46  5:53  Drone x2  
  50  6:03  Zergling x6  
  53  6:12  Overseer x2  
  53  6:19  Queen x2  
  53  6:21  Zergling x6  
  53  6:22  Baneling  
  53  6:23  Drone  
  60  6:39  Hatchery  
  59  6:45  Baneling x4  
  59  6:47  Baneling  
  59  6:49  Metabolic Boost  
  59  7:12  Drone x5  
  59  7:13  Drone x4  
  68  7:26  Overlord  
  68  7:28  Nydus Canal  
  68  7:30  Overseer  
  68  7:32  Zergling x4  
  68  7:33  Zergling x6  
  71  7:56  Nydus Canal  
  57  8:13  Nydus Canal  
  57  8:17  Zergling x20  
  57  8:18  Zergling x14  
  73  8:20  Zerg Ground Armor Level 2  
  73  8:26  Extractor  
  71  8:27  Spore Crawler  
  71  8:28  Spine Crawler  
  71  8:31  Nydus Canal  
  67  8:46  Nydus Canal  
  67  8:52  Overlord x4  
  67  8:54  Extractor  
  67  8:55  Pneumatized Carapace  
  63  9:20  Nydus Canal  
  63  9:49  Nydus Canal  
  63  9:51  Zergling x2  
  63  9:52  Zergling x38  
  83  9:53  Zergling x2  
  84  10:05  Nydus Canal  
  84  10:21  Nydus Canal  
  84  10:37  Nydus Canal  
  84  10:47  Baneling x9  
  84  10:48  Baneling x22  
  55  11:26  Drone x3  
  55  11:27  Drone x4  
  55  11:28  Drone x5  
  58  11:46  Nydus Canal  
Show
View Real Time Build Order
Export as new Build Order

SenorHomie Terran 

Build Orders:  

Get SALT Encoding   

  12  0:02  SCV  
  13  0:14  SCV  
  13  0:21  Supply Depot  
  14  0:27  SCV  
  16  0:42  SCV  
  16  0:47  Barracks  
  16  0:55  SCV  
  17  1:07  SCV  
  17  1:10  Refinery  
  18  1:15  Refinery  
  18  1:19  SCV  
  19  1:31  SCV  
  20  1:38  Supply Depot  
  20  1:39  Marine  
  20  1:43  SCV  
  22  1:55  SCV  
  24  2:07  SCV  
  24  2:08  Barracks Tech Lab  
  24  2:18  Command Center  
  24  2:19  SCV  
  25  2:31  SCV  
  25  2:32  Engineering Bay  
  25  2:35  Marine  
  27  2:43  SCV  
  28  2:53  Marine  
  29  3:05  Orbital Command  
  29  3:11  Marine  
  30  3:19  Factory  
  30  3:20  Terran Infantry Weapons Level 1, Supply Depot  
  30  3:29  Marine  
  30  3:31  SCV  
  32  3:43  SCV  
  32  3:46  Marine  
  34  3:55  SCV  
  35  4:04  Factory Tech Lab, Marine  
  35  4:07  SCV  
  37  4:10  Starport  
  37  4:19  Supply Depot, SCV  
  37  4:22  Reaper  
  39  4:31  SCV  
  39  4:34  Siege Tank  
  43  4:43  SCV  
  44  4:50  Supply Depot  
  44  4:54  Reaper  
  44  4:55  Supply Depot, SCV x2  
  47  5:01  Starport Tech Lab  
  47  5:06  Cyclone  
  49  5:07  Fusion Core  
  49  5:08  SCV  
  50  5:14  Terran Infantry Armor Level 1  
  50  5:18  Supply Depot  
  50  5:20  SCV  
  50  5:21  Supply Depot  
  51  5:23  SCV  
  51  5:26  Marine  
  53  5:28  Armory  
  53  5:32  SCV  
  54  5:44  Marine, SCV  
  54  5:47  Widow Mine  
  58  5:55  Supply Depot  
  58  5:56  SCV  
  59  6:00  Supply Depot  
  59  6:02  Reaper  
  58  6:08  SCV  
  58  6:11  Supply Depot  
  59  6:18  Viking  
  61  6:20  SCV  
  62  6:26  Starport  
  62  6:32  SCV  
  63  6:34  Marine  
  63  6:37  Refinery  
  64  6:41  Refinery  
  64  6:44  SCV  
  65  6:48  Viking  
  65  6:51  Supply Depot  
  65  6:52  Marine  
  68  6:56  SCV  
  69  7:02  Supply Depot  
  69  7:04  Starport Tech Lab  
  69  7:09  SCV, Starport  
  69  7:10  Marine  
  71  7:18  Medivac  
  71  7:21  SCV  
  72  7:27  Marine, Medivac  
  75  7:33  SCV  
  76  7:41  Terran Vehicle Weapons Level 1, Supply Depot  
  76  7:45  Marine, SCV  
  76  7:47  Viking  
  72  7:57  SCV  
  67  8:03  Marine  
  50  8:17  Viking  
  49  8:21  Marine  
  45  8:36  Siege Tank  
  45  8:39  Marine  
  49  8:47  Viking  
  51  8:51  Starport Tech Lab  
  51  8:56  Marine  
  51  8:57  SCV  
  53  9:08  Siege Tank  
  53  9:09  SCV  
  57  9:14  Marine  
  58  9:18  Battlecruiser  
  58  9:21  SCV  
  65  9:27  Command Center  
  65  9:34  SCV  
  65  9:36  Terran Vehicle And Ship Armor Level 1  
  66  9:46  SCV  
  65  9:55  Marine  
  65  9:58  SCV  
  73  10:00  Battlecruiser  
  73  10:10  SCV  
  73  10:12  Marine  
  75  10:22  SCV  
  76  10:30  Marine  
  76  10:34  SCV  
  78  10:40  Viking  
  78  10:43  SCV  
  78  10:48  Marine  
  67  11:04  Battlecruiser  
  67  11:06  Marine  
  67  11:10  Viking  
  66  11:43  Viking  
  66  11:46  SCV  
  62  11:50  Marine  
  63  11:58  SCV  
  64  12:10  SCV  
Show
View Real Time Build Order
Export as new Build Order

PABLO Terran 

Build Orders: 2 Factory, Mech 

Get SALT Encoding   

  12  0:02  SCV  
  13  0:16  SCV  
  14  0:23  Supply Depot  
  15  0:28  SCV  
  15  0:43  Supply Depot  
  15  0:45  SCV  
  16  0:56  Refinery  
  16  0:57  SCV  
  17  1:07  Barracks  
  17  1:09  SCV  
  18  1:59  SCV, Refinery  
  19  2:11  SCV  
  20  2:23  SCV  
  21  2:32  Factory  
  21  2:35  SCV  
  22  2:47  SCV  
  23  2:59  SCV  
  23  3:01  Supply Depot  
  24  3:11  SCV  
  25  3:16  Factory  
  25  3:18  Factory Tech Lab  
  25  3:23  SCV  
  25  3:24  Factory  
  26  3:35  SCV  
  27  4:11  Refinery  
  27  4:22  Command Center, SCV, Refinery  
  28  4:32  Supply Depot  
  28  4:34  SCV  
  28  4:35  Supply Depot  
  29  4:40  Supply Depot  
  29  4:46  SCV  
  29  4:48  Factory Tech Lab  
  29  4:49  Factory Tech Lab  
  30  4:58  SCV, Engineering Bay  
  31  5:08  Supply Depot  
  31  5:09  Supply Depot  
  31  5:10  SCV  
  31  5:11  Supply Depot  
  32  5:31  Supply Depot  
  32  5:45  Siege Tank x2  
  32  5:46  Siege Tank  
  41  6:17  Siege Tank  
  41  6:18  Siege Tank x2  
  50  6:38  Missile Turret  
  50  7:00  Missile Turret  
  50  7:49  Missile Turret  
  50  7:59  Siege Tank x3  
  59  8:08  Missile Turret  
  59  8:27  SCV  
  59  8:31  Siege Tank x3  
  69  8:39  SCV  
  70  8:51  SCV  
  71  9:03  SCV  
  72  9:11  Missile Turret  
  72  9:16  SCV  
  73  9:20  Missile Turret  
  73  9:28  SCV  
  74  10:03  Sensor Tower  
  69  10:24  Siege Tank  
  56  11:23  Barracks  
Show
View Real Time Build Order
Export as new Build Order

Foalfa Terran 

Build Orders:  

Get SALT Encoding   

  12  0:02  SCV  
  13  0:31  Supply Depot  
  13  0:35  SCV  
  14  0:47  SCV  
  15  0:56  Barracks  
  15  0:59  SCV  
  16  1:11  SCV  
  16  1:16  Refinery  
  17  1:21  Refinery  
  17  1:23  SCV  
  18  1:36  SCV  
  19  1:45  Supply Depot  
  19  1:48  SCV  
  20  2:00  SCV  
  21  2:10  Command Center  
  21  2:12  SCV  
  22  2:21  Barracks Reactor  
  22  2:24  SCV  
  22  2:29  Supply Depot  
  23  2:36  SCV  
  24  2:48  SCV  
  25  2:52  Supply Depot  
  25  3:05  Command Center  
  25  3:16  Supply Depot  
  25  3:17  Marine x2  
  27  3:46  Factory  
  27  3:52  Marine x2  
  29  4:03  Orbital Command  
  29  4:08  Refinery  
  30  4:10  Marine x2, SCV  
  32  4:20  SCV  
  32  4:21  Refinery  
  32  4:22  SCV  
  34  4:33  Factory Tech Lab  
  34  4:34  SCV  
  35  4:40  Starport  
  35  4:46  SCV  
  36  4:56  Siege Tank  
  36  4:58  SCV  
  40  5:10  SCV  
  41  5:16  SCV  
  41  5:18  Starport  
  42  5:23  Orbital Command, Refinery  
  42  5:26  SCV  
  42  5:28  SCV  
  44  5:32  Refinery  
  44  5:35  Starport Tech Lab  
  44  5:38  SCV  
  44  5:40  SCV  
  44  5:41  Siege Tank  
  49  5:50  SCV  
  49  5:52  SCV  
  51  6:04  SCV  
  51  6:06  SCV  
  53  6:18  SCV  
  53  6:20  SCV  
  55  6:27  Starport Tech Lab  
  55  6:30  SCV  
  55  6:32  SCV  
  57  6:37  Starport  
  57  6:41  Cloaking Field  
  57  6:43  SCV  
  57  6:44  SCV  
  59  6:55  SCV  
  60  7:15  Starport  
  60  7:16  Starport Tech Lab  
  60  7:24  Viking x2  
  60  7:29  Orbital Command  
  64  7:41  SCV  
  65  7:53  SCV  
  65  7:54  Viking x2  
  71  8:05  SCV  
  68  8:24  Viking x2  
  72  9:50  Engineering Bay  
  72  10:14  Bunker  
  72  10:16  Armory  
  72  10:28  Viking x2  
  72  10:29  Viking x2  
  68  10:58  Viking x2  
  68  10:59  Viking x2  
  76  11:17  Engineering Bay  
  76  11:28  Viking x3  
  76  11:29  Viking  
  76  11:58  Marine x2  
Tags
 
Add a new tag
Caveats
  • Supply blocks, unpowered buildings, or Contaminate may cause inaccurate times.
  • Supply counts are checked every 10 seconds.